 Dungeon Crawl Stone Soup version 0.30-a0-393-g54b8e3be05 (webtiles) character file.

Game seed: 7434243048152008261

105 lunkers the Twirler (level 5, -2/41 HPs)
             Began as a Meteoran Gladiator on Dec 6, 2022.
             Was an Initiate of Ashenzari.
             Splashed by a jelly's acid (4 damage)
             ... on level 3 of the Dungeon.
             The game lasted 00:03:42 (994 turns).

lunkers the Twirler (Meteoran Gladiator)             Turns: 994, Time: 00:03:42

Health: -2/41      AC: -4    Str: 17    XL:     5   Next: 30%
Magic:  6/6        EV: 12    Int: 10    God:    Ashenzari [......]
Gold:   94         SH:  0    Dex: 15    Spells: 4/4 levels left

rFire   . . .      SeeInvis .    a - +0 quarterstaff
rCold   . . .      Faith    .    (shield currently unavailable)
rNeg    . . .      Spirit   .    n - +0 ring mail
rPois   .          Reflect  .    c - +0 helmet
rElec   .          Harm     .    j - +0 cloak
rCorr   .          Rampage  .    (no gloves)
Will    .....                    k - +0 pair of boots
Stlth   +.........               (no amulet)
HPRegen 0.26/turn                (no ring)
MPRegen 0.10/turn                (no ring)

@: corroded, glowing
A: sense surroundings 1, otherworldly, glowing, explore regen
a: Renounce Religion


You were on level 3 of the Dungeon.
You worshipped Ashenzari.
Ashenzari was noncommittal.
You visited 1 branch of the dungeon, and saw 3 of its levels.

You collected 94 gold pieces.

Inventory:

Hand Weapons
 a - a +0 quarterstaff (weapon)
Missiles
 d - 3 throwing nets
 e - a javelin
Armour
 b - a +0 leather armour
 c - a +0 helmet (worn)
 j - a +0 cloak (worn)
 k - a +0 pair of boots (worn)
 n - a +0 ring mail (worn)
Jewellery
 f - a +4 ring of evasion
Scrolls
 g - a scroll of blinking {unknown}
 l - 3 scrolls of teleportation {unknown}
 m - a scroll of torment {unknown}
 o - a scroll of fog {unknown}
 p - a scroll of acquirement {unknown}
 r - a scroll of amnesia {unknown}
 s - a scroll of brand weapon {unknown}
Potions
 h - 2 potions of heal wounds {unknown}
 i - 2 potions of haste {unknown}
 q - a potion of curing {unknown}


   Skills:
 - Level 2.1 Fighting
 + Level 6.5 Staves
 - Level 2.4 Throwing
 - Level 3.6 Dodging


You had 4 spell levels left.
You didn't know any spells.
Your spell library was empty.

Dungeon Overview and Level Annotations

Branches:
Dungeon (3/15) Zot: 802

Altars:
Ashenzari
Nemelex Xobeh

Shops:
D:3 =

Annotations:
D:3 3 runed translucent doors, lunkers's ghost, amateur MeFi


Innate Abilities, Weirdness & Mutations

You passively map a small area around you.
You are easily found by Zot.
You glow in the dark.
You regain HP and MP as you explore.


Message History

You hit the jelly.
Your hands burn!
The jelly is lightly wounded.
The jelly misses you.
You hit the jelly.
Your hands burn!
The jelly is lightly wounded.
The jelly barely misses you.
You completely miss the jelly.
The jelly is lightly wounded.
The jelly hits you but does no damage.
You barely miss the jelly.
The jelly is lightly wounded.
The jelly hits you but does no damage.
You hit the jelly but do no damage.
Your hands burn!
The jelly is lightly wounded.
The jelly barely misses you.
You barely miss the jelly.
The jelly is lightly wounded.
The jelly hits you. The acid corrodes you!
You are splashed with acid!
* * * LOW HITPOINT WARNING * * *
You hit the jelly but do no damage.
Your hands burn!
* * * LOW HITPOINT WARNING * * *
The jelly is lightly wounded.
The jelly hits you but does no damage.
You hit the jelly but do no damage.
Your hands burn!
* * * LOW HITPOINT WARNING * * *
The jelly is lightly wounded.
The jelly hits you.
* * * LOW HITPOINT WARNING * * *
The acid corrodes you!
You are splashed with acid.
* * * LOW HITPOINT WARNING * * *
You aren't carrying any items that you can evoke.
You hit the jelly but do no damage. The acid corrodes you!
Your hands burn!
* * * LOW HITPOINT WARNING * * *
The jelly is lightly wounded.
The jelly hits you.
* * * LOW HITPOINT WARNING * * *
You are splashed with acid!
* * * LOW HITPOINT WARNING * * *
You hit the jelly.
Your hands burn!
You die...

..###................ ##...####.#
..............#....... ##........
........##..#...##.###* ##......∩
..##.......##.####. ##......
..............####.##########....
..!.....###....##.......####....
...#...<..#...#?####..........###
...#...##.#...#......###.######
#.../.......J@......).## ,
####....########...###### *
#...## #........# #...*
#........# #### #........# *
##.......# , ######### ,


You could see a jelly.

Vanquished Creatures
  4 adders
  A gnoll (D:1)
  A worm (D:3)
  2 dart slugs (D:1)
  5 endoplasms
  3 giant cockroaches
  3 goblins
  2 hobgoblins
  6 jackals
  5 kobolds
  3 quokkas
  4 ball pythons
  5 bats
  2 frilled lizards
  3 rats
49 creatures vanquished.

Notes
Turn   | Place    | Note
-------+----------+-------------------------------------------
     0 | D:1      | lunkers the Meteoran Gladiator began the quest for the Orb.
     0 | D:1      | Reached XP level 1. HP: 17/17 MP: 2/2
    82 | D:1      | Reached skill level 4 in Staves
    82 | D:1      | Reached XP level 2. HP: 24/24 MP: 3/3
   106 | D:1      | Reached XP level 3. HP: 23/29 MP: 4/4
   184 | D:1      | Reached skill level 5 in Staves
   363 | D:2      | Reached XP level 4. HP: 35/36 MP: 5/5
   425 | D:2      | Found a sparkling altar of Nemelex Xobeh.
   655 | D:2      | Reached skill level 6 in Staves
   701 | D:2      | Reached XP level 5. HP: 41/41 MP: 6/6
   787 | D:3      | Found a runed translucent gate.
   788 | D:3      | Found a runed translucent gate.
   789 | D:3      | Found a runed translucent gate.
   797 | D:3      | Noticed lunkers's ghost (amateur MeFi)
   870 | D:3      | Found a broken altar of Ashenzari.
   893 | D:3      | Became a worshipper of Ashenzari the Shackled
   917 | D:3      | Found a faded altar of an unknown god.
   936 | D:3      | Found Hoxaussa's Jewellery Emporium.
   993 | D:3      | HP: 2/41 [acid (7)]
   994 | D:3      | Splashed by a jelly's acid

Illustrated notes

Levels and vault maps discovered:
D:1:      dpeg_arrival_lava_altar, layout_loops_ring
D:2:      layout_basic, basic_altar, serial_curves, eino_curves_04,
          eino_curves_02
D:3:      layout_rooms, nicolae_ashenzari_skybound, kiku_gazebo_pond_becter,
          minitemple, serial_shops, shop, hellmonk_ecumenical_altar_crossroads,
          biasface_ghost_orc_armoury, reono_crystal_passage, feat_on_display

Skill      XL: |  1  2  3  4 |
---------------+-------------+-----
Staves         | 4 5 6 |  6.5
Fighting       | |  2.1
Throwing       | |  2.4
Dodging        | |  3.6

Action                   |  1- 3 |  4- 6 || total
-------------------------+-------+-------++-------
Melee: Quarterstaff      |    59 |   100 ||   159
Armor: Leather armour    |    21 |    21 ||    42
       Ring mail         |       |    29 ||    29
Dodge: Dodged            |    34 |    55 ||    89

Table legend: (Time is in decaauts)
 A = Elapsed time spent in this place.
 B = Non-inter-level travel time spent in this place.
 C = Inter-level travel time spent in this place.
 D = Time resting spent in this place.
 E = Time spent auto-exploring this place.
 F = Levels seen in this place.
 G = Mean time per level.
                   A        B        C        D        E       F      G
               +--------+--------+--------+--------+--------+-----+--------+
         Total |    997 |    959 |     38 |      0 |    516 |   3 |  332.3 |
       Dungeon |    997 |    959 |     38 |      0 |    516 |   3 |  332.3 |
               +--------+--------+--------+--------+--------+-----+--------+

Top non-repeatable levels by time:
     D:2: 443 daAuts
     D:3: 279 daAuts
     D:1: 274 daAuts
